 Dungeon Crawl Stone Soup version 0.29-a0-551-gffc1d7fb78 (webtiles) character file.

Game seed: 2648664492285905353

30 Demosthentine the Skirmisher (level 3, -1/20 HPs)
             Began as a Vine Stalker Chaos Knight on June 6, 2022.
             Was a Plaything of Xom.
             Slain by a basilisk (shapeshifter) (7 damage)
             ... while petrified by a basilisk
             ... on level 2 of the Dungeon.
             The game lasted 00:01:03 (1152 turns).

Demosthentine the Skirmisher (VSCK)                 Turns: 1152, Time: 00:01:04

Health: -1/20      AC:  5    Str: 16    XL:     3   Next: 18%
Magic:  0/4        EV:  2    Int: 12    God:    Xom [.*....]
Gold:   34         SH:  0    Dex: 13    Spells: 2/2 levels left

rFire   . . .      SeeInvis .   a - +0 hand axe (chaos)
rCold   . . .      Faith    .   (no shield)
rNeg    + + +      Spirit   +   b - +2 leather armour
rPois   ∞          Reflect  .   (no helmet)
rElec   .          Harm     .   (no cloak)
rCorr   .          Rampage  .   (no gloves)
Will    .....                   (no boots)
Stlth   +.........              (no amulet)
HPRegen 0.06/turn               (no ring)
MPRegen 0.09/turn               (no ring)

@: petrified
A: fangs 2, magic shield, antimagic bite, no potion heal 2
a: Renounce Religion


You were on level 2 of the Dungeon.
You worshipped Xom.
You were a plaything of Xom.
You visited 1 branch of the dungeon, and saw 2 of its levels.

You collected 34 gold pieces.

Inventory:

Hand Weapons
 a - a +0 hand axe of chaos (weapon)
Armour
 b - a +2 leather armour (worn)
Scrolls
 g - 3 scrolls of identify
Potions
 j - 2 potions of haste
Miscellaneous
 c - a piece from Xom's chessboard (15/15) (quivered)


   Skills:
 + Level 3.0 Fighting
 + Level 3.0 Axes
 + Level 2.0 Armour
 + Level 1.3 Dodging


You had 2 spell levels left.
You didn't know any spells.
Your spell library contained the following spells:

 Spells                   Type           Power      Damage    Failure   Level
 Foxfire                  Conj/Fire      0%         2x1d4     38%         1
 Conjure Flame            Conj/Fire      0%         6-21      77%         3
 Inner Flame              Hex/Fire       0%         N/A       77%         3
 Flame Wave               Conj/Fire      0%         2d4       99%         4


Dungeon Overview and Level Annotations

Branches:
Dungeon (2/15)

Altars:


Innate Abilities, Weirdness & Mutations

You have extremely sharp teeth.
When hurt, damage is shared between your health and your magic reserves.
Your bite disrupts and absorbs the magic of your enemies.
Potions cannot restore your health.


Message History

You now have 34 gold pieces (gained 16).
An endoplasm comes into view.
An endoplasm is nearby!
An endoplasm is nearby!
An endoplasm is nearby!
You hit the endoplasm.
The endoplasm resists with significant effort.
You bite the endoplasm, but do no damage.
The endoplasm is moderately wounded.
The endoplasm hits you but does no damage.
You hit the endoplasm.
The endoplasm changes into a shapeshifter!
The shapeshifter changes into a basilisk!
A basilisk is nearby!
You hit the basilisk.
The basilisk is lightly wounded.
The basilisk gazes at you.
You are slowing down.
Unknown command.
Unknown command.
You hit the basilisk but do no damage.
The basilisk is poisoned.
You bite the basilisk.
The basilisk's magic leaks into the air.
You drain its magic.
The basilisk is moderately wounded.
The basilisk bites you.
You have turned to stone.
The basilisk bites you!
You feel your willpower return.
The basilisk bites you but does no damage.
The basilisk bites you! The basilisk gazes at you.
You resist with significant effort.
The basilisk's magic is no longer disrupted.
The basilisk gazes at you.
The basilisk looks more healthy.
The basilisk bites you!
* * * LOW HITPOINT WARNING * * *
The basilisk barely misses you. The basilisk bites you!
You die...
Xom bursts into laughter!

####
.....##################
#.............<...(#
##...#############.#
#.###.## .. ##.# #. #.#
# ##.# #@## #..l## ##.#
#. #


You could see a basilisk shaped shifter.

Vanquished Creatures
  A dart slug (D:1)
  2 endoplasms (D:1)
  3 giant cockroaches (D:1)
  2 goblins (D:1)
  4 hobgoblins (D:1)
  2 kobolds (D:1)
  6 ball pythons (D:1)
  A bat (D:1)
  A frilled lizard (D:1)
  3 rats (D:1)
25 creatures vanquished.

Notes
Turn   | Place    | Note
-------+----------+-------------------------------------------
     0 | D:1      | Demosthentine the Vine Stalker Chaos Knight began the quest
                  | for the Orb.
     0 | D:1      | Reached XP level 1. HP: 11/11 MP: 2/2
    77 | D:1      | Reached skill level 1 in Dodging
    84 | D:1      | Reached XP level 2. HP: 12/16 MP: 3/3
   632 | D:1      | XOM: 3-stop teleportation journey
   790 | D:1      | Reached XP level 3. HP: 18/20 MP: 4/4
  1013 | D:1      | XOM: cloud trail
  1015 | D:1      | XOM: 8-stop teleportation journey
  1037 | D:1      | XOM: god gift: scroll labelled CUETUU POSKOCI {god gift}
  1142 | D:2      | Noticed a shapeshifter
  1142 | D:2      | an endoplasm changed into a shapeshifter
  1142 | D:2      | Noticed a basilisk
  1142 | D:2      | a shapeshifter changed into a basilisk
  1152 | D:2      | Slain by a basilisk (shapeshifter)

Illustrated notes

Levels and vault maps discovered:
D:1:      amcnicky_arrival_flooded_fountain, layout_loops_cross,
          minmay_tromino_mix6
D:2:      layout_loops_ring, minmay_misc_feat_tower

Skill      XL: |  1  2  3 |
---------------+----------+-----
Dodging        | 1 |  1.3
Fighting       | 3 |  3.0
Axes           | 3 |  3.0
Armour         | 2 |  2.0

Action                   || total
-------------------------++-------
Melee: Hand axe          ||    68
       Bite              ||    17
  Use: Scroll            ||     8
Armor: Leather armour    ||    31
Dodge: Dodged            ||    37

Table legend: (Time is in decaauts)
 A = Elapsed time spent in this place.
 B = Non-inter-level travel time spent in this place.
 C = Inter-level travel time spent in this place.
 D = Time resting spent in this place.
 E = Time spent auto-exploring this place.
 F = Levels seen in this place.
 G = Mean time per level.
                   A        B        C        D        E       F      G
               +--------+--------+--------+--------+--------+-----+--------+
         Total |   1163 |   1151 |     12 |      0 |    967 |   2 |  581.5 |
       Dungeon |   1163 |   1151 |     12 |      0 |    967 |   2 |  581.5 |
               +--------+--------+--------+--------+--------+-----+--------+

Top non-repeatable levels by time:
     D:1: 1133 daAuts
     D:2: 30 daAuts
